 Dungeon Crawl Stone Soup version 0.27-a0-1278-g6cbc8dfb29 (webtiles) character file.

Game seed: 9100260251601901701

5 polve the Skirmisher (level 1, 0/18 HPs)
             Began as a Demonspawn Abyssal Knight on June 12, 2021.
             Was a Follower of Lugonu.
             Slain by a quasit (2 damage)
             ... on level 1 of the Abyss.
             The game lasted 00:00:35 (172 turns).

polve the Skirmisher (Demonspawn Abyssal Knight)     Turns: 172, Time: 00:00:36

Health: 0/18       AC:  3    Str: 12      XL:     1   Next: 66%
Magic:  2/2        EV: 11    Int: 13      God:    Lugonu [*.....]
Gold:   0          SH:  0    Dex:  8 (12) Spells: 0/0 levels left

rFire    . . .     SeeInvis .   a - +1 short sword
rCold    . . .     Faith    .   (no shield)
rNeg     . . .     Spirit   .   b - +0 leather armour
rPois    .         Reflect  .   (no helmet)
rElec    .         Harm     .   (no cloak)
rCorr    .         Rampage  .   (no gloves)
Will     .....                  (no boots)
Stlth    +.........             (no amulet)
HPRegen  0.06/turn              (no ring)
MPRegen  0.08/turn              (no ring)

@: no status effects
A: no striking features
a: Renounce Religion, Depart the Abyss


You were on level 1 of the Abyss.
You worshipped Lugonu.
Lugonu was aware of your devotion.
You visited 0 branches of the dungeon, and saw 0 of its levels.
You visited the Abyss 1 time.

Inventory:

Hand Weapons
 a - a +1 short sword (weapon)
Armour
 b - a +0 leather armour (worn)


   Skills:
 - Level 3.0 Fighting
 + Level 2.2 Short Blades
 - Level 1.7 Armour
 - Level 0.8 Dodging
 - Level 2.4 Invocations


You couldn't memorise any spells.
You didn't know any spells.
Your spell library was empty.

Dungeon Overview and Level Annotations

Branches:
Dungeon (0/15)

Altars:


Message History

You feel clumsy. The quasit barely misses you. The quasit claws you.
You barely miss the quasit.
The quasit is heavily wounded.
The quasit misses you. The quasit completely misses you.
The quasit claws you but does no damage.
You barely miss the quasit.
The quasit is heavily wounded.
The quasit bites you but does no damage.
The quasit closely misses you.
The quasit claws you but does no damage.
The quasit closely misses you. The quasit barely misses you.
The quasit claws you but does no damage.
You closely miss the quasit.
The quasit is heavily wounded.
The quasit bites you.
The quasit claws you but does no damage.
The quasit barely misses you.
You barely miss the quasit.
The quasit is heavily wounded.
The quasit barely misses you.
The quasit claws you but does no damage.
The quasit claws you.
You feel clumsy.
You barely miss the quasit.
The quasit is heavily wounded.
The quasit bites you but does no damage.
The quasit claws you.
You feel clumsy.
The quasit claws you but does no damage.
The quasit bites you but does no damage.
The quasit claws you.
* * * LOW HITPOINT WARNING * * *
The quasit claws you.
* * * LOW HITPOINT WARNING * * *
You feel clumsy.
You miss the quasit.
The quasit is heavily wounded.
The quasit bites you.
You die...

. ..# #. .#
# .#
##.#..##) .
#.#.# . ..#
...#.#
#.... .# #.
.#.### ...#
..#
.#..#..##
.# #.. ##.
. #. ##.
..## ..#..#
# .... #..#
#.#. .#
....#.
.#.#..#.#5#
#.### .
#5#####@#
.. ### .. #
5 ## #.. ..
...


You could see a quasit.

Vanquished Creatures
  An ufetubus (Abyss:1)
1 creature vanquished.

Notes
Turn   | Place    | Note
-------+----------+-------------------------------------------
     0 | Abyss:1  | polve the Demonspawn Abyssal Knight began the quest for the
                  | Orb.
     0 | Abyss:1  | Reached XP level 1. HP: 18/18 MP: 2/2
    76 | Abyss:1  | Noticed a quasit
   127 | Abyss:1  | Noticed a small abomination
   172 | Abyss:1  | Slain by a quasit

Illustrated notes

Levels and vault maps discovered:
Abyss:1:  base: Temple, base:
Temple

Skill      XL: |  1 |
---------------+----+-----
Short Blades   | 2 |  2.2
Fighting       | |  3.0
Armour         | |  1.7
Dodging        | |  0.8
Invocations    | |  2.4

Action                   || total
-------------------------++-------
Melee: Short sword       ||    17
  Use: Scroll            ||     1
Armor: Leather armour    ||    20
Dodge: Dodged            ||    30

Table legend: (Time is in decaauts)
 A = Elapsed time spent in this place.
 B = Non-inter-level travel time spent in this place.
 C = Inter-level travel time spent in this place.
 D = Time resting spent in this place.
 E = Time spent auto-exploring this place.
 F = Levels seen in this place.
 G = Mean time per level.
                   A        B        C        D        E       F      G
               +--------+--------+--------+--------+--------+-----+--------+
         Total |    171 |    171 |      0 |      0 |    105 |   1 |  171.0 |
         Abyss |    171 |    171 |      0 |      0 |    105 |   1 |  171.0 |
               +--------+--------+--------+--------+--------+-----+--------+

Top non-repeatable levels by time:
 Abyss:1: 171 daAuts
